 Dungeon Crawl Stone Soup version 0.29.1-1-gd02db6906a (webtiles) character file.

Game seed: 15619337095138591219

28959 mrzisme the Executioner (level 13, -4/124 HPs)
             Began as a Minotaur Berserker on Sept 17, 2022.
             Was a High Priest of Trog.
             Slain by an 11-headed hydra (7 damage)
             ... on level 5 of the Lair of Beasts.
             The game lasted 00:36:26 (16254 turns).

mrzisme the Executioner (Minotaur Berserker)       Turns: 16254, Time: 00:36:27

Health: -4/124     AC: 20    Str: 29    XL:     13   Next: 12%
Magic:  12/12      EV: 10    Int:  4    God:    Trog [*****.]
Gold:   522        SH:  5    Dex: 14    Spells: 12/12 levels left

rFire   + . .      SeeInvis .   a - +1 battleaxe (vamp)
rCold   . . .      Faith    .   (shield currently unavailable)
rNeg    . . .      Spirit   .   m - +1 chain mail
rPois   .          Reflect  +   (helmet restricted)
rElec   .          Harm     .   y - scarf {+Inv}
rCorr   .          Rampage  .   (no gloves)
Will    .....                   d - +1 pair of boots
Stlth   ..........              G - amulet of Kikuotun {Reflect rF+ Str+2 Dex+4 SH+5}
HPRegen 0.30/turn               s - +4 ring of slaying
MPRegen 0.13/turn               C - +4 ring of protection

@: about to teleport, frozen, on berserk cooldown, slowed, very slow
A: horns 2, retaliatory headbutt
a: Renounce Religion, Evoke Invisibility, Berserk, Trog's Hand, Brothers in Arms


You were on level 5 of the Lair of Beasts.
You worshipped Trog.
Trog was extremely pleased with you.
You visited 3 branches of the dungeon, and saw 14 of its levels.

You collected 972 gold pieces.
You spent 450 gold pieces at shops.

Inventory:

Hand Weapons
 a - a +1 vampiric battleaxe (weapon)
 A - a +0 war axe
Armour
 b - a +0 animal skin
 d - a +1 pair of boots (worn)
 m - a +1 chain mail (worn)
 u - a +2 kite shield
 y - a scarf of invisibility (worn)
 E - a +0 pair of boots
Jewellery
 i - a ring of willpower
 s - a +4 ring of slaying (left hand)
 t - a ring of fire
 C - a +4 ring of protection (right hand)
 D - the ring of Xom's Sleight of Hands {Fire rElec Will- Str+7 Dex-2}
   (You found it on level 8 of the Dungeon)

   [ring of fire]

   It enhances your fire magic.
   Str:       It affects your strength (+7).
   Dex:       It affects your dexterity (-2).
   rF:        It protects you from fire.
   rC:        It makes you vulnerable to cold.
   rElec:     It insulates you from electricity.
   Will:      It decreases your willpower.
 G - the amulet of Kikuotun (around neck) {Reflect rF+ Str+2 Dex+4 SH+5}
   (You found it on level 3 of the Lair of Beasts)

   [amulet of reflection]

   It reflects blocked missile attacks.
   Str:       It affects your strength (+2).
   Dex:       It affects your dexterity (+4).
   rF:        It protects you from fire.
   SH:        It affects your SH (+5).
Wands
 j - a wand of digging (14)
 r - a wand of polymorph (12)
Scrolls
 k - 3 scrolls of teleportation
 l - a scroll of amnesia
 p - a scroll of torment
 w - 2 scrolls of magic mapping
 B - 2 scrolls of immolation
 H - a scroll of butterflies
 I - a scroll of fear {unknown}
Potions
 c - 4 potions of magic
 e - 3 potions of cancellation
 g - 5 potions of ambrosia
 h - 2 potions of brilliance
 n - 6 potions of curing
 o - 3 potions of might
 q - 2 potions of berserk rage
 v - 2 potions of flight
 x - 3 potions of mutation
 z - 2 potions of attraction {unknown}
 J - a potion of lignification


   Skills:
 + Level 14.3 Fighting
 * Level 22.2 Axes
 + Level 12.3 Armour
 - Level 2.6 Dodging


You had 12 spell levels left.
You didn't know any spells.
Your spell library was empty.

Dungeon Overview and Level Annotations

Branches:
Dungeon (8/15)             Temple (1/1) D:7            Lair (5/5) D:8
  Swamp (0/4) Lair:3       Spider (0/4) Lair:2        Slime (0/5) Lair:5

Altars:
Ashenzari
Cheibriados
Dithmenos
Elyvilon
Fedhas
Gozag
Hepliaklqana
Kikubaaqudgha
Makhleb
Nemelex Xobeh
Okawaru
Qazlal
Ru
Sif Muna
Uskayaw
Vehumet
Wu Jian
Xom
Yredelemnul
Zin
The Shining One

Shops:
D:6 *

Annotations:
D:7 1 runed translucent door, QueenGhuleh's ghost, novice MiBe
Temple 4 transporters


Innate Abilities, Weirdness & Mutations

You have a pair of horns on your head.
You reflexively headbutt those who attack you in melee.


Message History

You are too injured to fight recklessly!
Okay, then.
Okay, then.
As you read the scroll of teleportation, it crumbles to dust.
You feel strangely unstable.
The rime drake bites you but does no damage.
The blink frog blinks!
The 11-headed hydra bites you. You block the 11-headed hydra's attack.
The 11-headed hydra bites you.
* * * LOW HITPOINT WARNING * * *
The 11-headed hydra bites you but does no damage. x2
The 11-headed hydra bites you.
* * * LOW HITPOINT WARNING * * *
The 11-headed hydra bites you.
* * * LOW HITPOINT WARNING * * *
The 11-headed hydra bites you.
* * * LOW HITPOINT WARNING * * *
You block the 11-headed hydra's attack. The 11-headed hydra closely misses you.
The 11-headed hydra bites you but does no damage.
The rime drake closely misses you.
The 11-headed hydra bites you but does no damage. x2
The 11-headed hydra barely misses you. The 11-headed hydra bites you.
* * * LOW HITPOINT WARNING * * *
The 11-headed hydra barely misses you.
The 11-headed hydra bites you but does no damage.
The 11-headed hydra bites you.
* * * LOW HITPOINT WARNING * * *
The 11-headed hydra bites you but does no damage. x3
The 11-headed hydra bites you.
* * * LOW HITPOINT WARNING * * *
The ice encasing you melts away.
A wyvern comes into view.
The rime drake breathes ice at you. The flash freeze hits you!
* * * LOW HITPOINT WARNING * * *
You are encased in ice.
The 11-headed hydra bites you but does no damage. x2
You block the 11-headed hydra's attack. The 11-headed hydra barely misses you.
The 11-headed hydra bites you but does no damage.
The 11-headed hydra bites you!
You die...

#.....#
#............
.......
##..........#
......##
#...........
.......
#.........#
.#..... ##...#F:.#
.#..... .
##......## .... ..
#.#..§...# # ....
...##.......#.#
...#
#.......@†.....#
...#
#.......kD.†...#
....
#.P.....††........
#...
...P.....#l.P.....
# ..
##.##.......#.....
#.##..............
.. #.........#....
##........l ...
......>....P..


You could see a 11-headed hydra, a blink frog, a rime drake (catching breath)
and 2 wyverns.

Vanquished Creatures
  The ghost of Gayn the Basher, a journeyman MiFi of Zin (Lair:3)
  2 hydras
  A boulder beetle (Lair:5)
  5 death yaks (Lair:4)
  A sixfirhy (D:8)
  A bog body (Lair:3)
  A lindwurm (Lair:4)
  6 elephants (Lair:5)
  4 black mambas
  8 cane toads
  3 rime drakes
  6 komodo dragons
  A queen bee (Lair:2)
  A polar bear (Lair:4)
  A hornet (D:8)
  A troll (D:6)
  15 blink frogs
  Grinder (D:3)
  2 jumping spiders (Lair:2)
  2 wyverns
  Sigmund (D:2)
  A culicivora (Lair:2)
  20 yaks
  A basilisk (Lair:4)
  9 water moccasins
  3 black bears
  An orc warrior (D:8)
  An ice beast (D:5)
  2 sky beasts
  3 centaurs
  10 wolves (Lair:4)
  A kobold brigand (D:7)
  12 bullfrogs
  6 necrophages
  A scorpion (D:5)
  A water moccasin zombie (D:5)
  9 wights (D:6)
  25 killer bees
  An electric eel (Lair:1)
  A crimson imp (D:4)
  A hound (D:4)
  6 orc priests
  2 jellies (D:7)
  A gnoll bouda (D:6)
  6 orc wizards
  5 iguanas
  A scorpion zombie (D:5)
  Robin (D:2)
  19 gnolls
  8 adders
  2 white imps
  An ufetubus (D:6)
  An adder zombie (D:5)
  2 worms
  4 dart slugs
  26 orcs
  6 ball pythons
  5 endoplasms
  2 giant cockroaches
  17 goblins
  8 hobgoblins
  7 jackals
  A quokka (D:1)
  A bat (D:1)
  8 kobolds
  6 rats
  A spectral orc (D:3)
  A bush (D:5)
  A plant (Lair:5)
322 creatures vanquished.

Vanquished Creatures (others)
  A bush (D:5)
  16 fungi
  34 plants
51 creatures vanquished.

Grand Total: 373 creatures vanquished

Notes
Turn   | Place    | Note
-------+----------+-------------------------------------------
     0 | D:1      | mrzisme the Minotaur Berserker began the quest for the Orb.
     0 | D:1      | Reached XP level 1. HP: 19/19 MP: 0/0
    43 | D:1      | Found a faded altar of an unknown god.
   151 | D:1      | Reached XP level 2. HP: 20/27 MP: 1/1
   417 | D:1      | Reached skill level 4 in Axes
   979 | D:2      | Reached ** piety under Trog
   998 | D:2      | Reached XP level 3. HP: 33/33 MP: 2/2
  1063 | D:2      | Noticed Robin
  1089 | D:2      | Killed Robin
  1092 | D:2      | Noticed Sigmund
  1108 | D:2      | Killed Sigmund
  1109 | D:2      | Reached skill level 5 in Fighting
  1109 | D:2      | Reached skill level 6 in Axes
  1109 | D:2      | Reached XP level 4. HP: 20/42 MP: 3/3
  1109 | D:2      | Reached XP level 5. HP: 23/48 MP: 4/4
  1634 | D:2      | Found a blossoming altar of Fedhas.
  1727 | D:2      | Reached XP level 6. HP: 11/56 MP: 5/5
  2442 | D:3      | Found a basalt altar of Yredelemnul.
  2672 | D:3      | Noticed Grinder
  2690 | D:3      | Paralysed by Grinder for 3 turns
  2696 | D:3      | Killed Grinder
  2697 | D:3      | Reached skill level 7 in Axes
  3041 | D:3      | Reached XP level 7. HP: 51/63 MP: 6/6
  3420 | D:3      | Found a sacrificial altar of Ru.
  3733 | D:4      | Reached skill level 8 in Axes
  4294 | D:4      | Reached *** piety under Trog
  4802 | D:5      | Entered Level 5 of the Dungeon
  4817 | D:5      | Reached skill level 9 in Axes
  4980 | D:5      | Reached XP level 8. HP: 47/73 MP: 7/7
  5951 | D:5      | Found a blossoming altar of Fedhas.
  5976 | D:5      | Reached skill level 10 in Axes
  6649 | D:5      | Identified a scroll of acquirement
  6649 | D:5      | Acquired a +1 vampiric battleaxe
  6704 | D:6      | Reached skill level 11 in Axes
  7132 | D:6      | Reached XP level 9. HP: 35/82 MP: 8/8
  7904 | D:6      | Reached skill level 12 in Axes
  8042 | D:6      | Noticed a troll
  8052 | D:6      | Killed a troll
  8053 | D:6      | Reached skill level 5 in Armour
  8422 | D:6      | Found Ocwu's Neck Hole.
  8428 | D:6      | Bought an amulet of reflection for 450 gold pieces
  8734 | D:7      | Found a runed translucent door.
  8734 | D:7      | Noticed QueenGhuleh's ghost (novice MiBe)
  8741 | D:7      | Reached **** piety under Trog
  8859 | D:7      | Found a shadowy altar of Dithmenos.
  9211 | D:7      | Reached skill level 13 in Axes
  9285 | D:7      | Found a staircase to the Ecumenical Temple.
  9294 | Temple   | Entered the Ecumenical Temple
  9294 | Temple   | Found a transporter.
  9294 | Temple   | Found a transporter.
  9296 | Temple   | Found a transporter.
  9296 | Temple   | Found a transporter.
  9513 | D:8      | Found a runed translucent door.
  9513 | D:8      | Noticed a sixfirhy
  9529 | D:8      | Killed a sixfirhy
  9530 | D:8      | Reached skill level 10 in Fighting
  9530 | D:8      | Reached XP level 10. HP: 79/93 MP: 9/9
  9826 | D:8      | Found a staircase to the Lair.
  9861 | D:8      | Found a white marble altar of Elyvilon.
  9866 | D:8      | Found a snail-covered altar of Cheibriados.
  9873 | D:8      | Found a radiant altar of Vehumet.
  9873 | D:8      | Found a glowing silver altar of Zin.
  9880 | D:8      | Found an ornate altar of the Wu Jian Council.
 10315 | D:8      | Identified the ring of Xom's Sleight of Hands {Fire rElec
                  | Will- Str+7 Dex-2}
 10329 | D:8      | Acquired a manual of Axes
 10451 | Lair:1   | Entered Level 1 of the Lair of Beasts
 10463 | Lair:1   | Noticed a black mamba
 10468 | Lair:1   | Killed a black mamba
 10469 | Lair:1   | Reached skill level 14 in Axes
 10958 | Lair:1   | Noticed a cane toad
 10970 | Lair:1   | Killed a cane toad
 11142 | Lair:1   | Reached skill level 15 in Axes
 11176 | Lair:1   | Noticed a cane toad
 11187 | Lair:1   | Killed a cane toad
 11555 | Lair:1   | Reached skill level 16 in Axes
 12237 | Lair:2   | Reached XP level 11. HP: 71/102 MP: 10/10
 12320 | Lair:2   | Reached skill level 17 in Axes
 12401 | Lair:2   | Found a hole to the Spider Nest.
 12817 | Lair:2   | Reached ***** piety under Trog
 13154 | Lair:2   | Reached skill level 18 in Axes
 13780 | Lair:3   | Reached skill level 19 in Axes
 14109 | Lair:3   | Found a staircase to the Swamp.
 14111 | Lair:3   | Identified the amulet of Kikuotun {Reflect rF+ Str+2 Dex+4
                  | SH+5}
 14111 | Lair:3   | Noticed a bog body
 14126 | Lair:3   | Killed a bog body
 14127 | Lair:3   | Reached skill level 10 in Armour
 14270 | Lair:3   | Identified the +1 robe of the Sun {Int+2}
 14308 | Lair:3   | Noticed a four-headed hydra
 14316 | Lair:3   | Killed a six-headed hydra
 14364 | Lair:3   | Found a runed translucent gate.
 14364 | Lair:3   | Found a runed translucent gate.
 14365 | Lair:3   | Found a runed translucent gate.
 14366 | Lair:3   | Noticed Gayn's ghost (journeyman MiFi)
 14382 | Lair:3   | Killed Gayn's ghost
 14727 | Lair:3   | Reached XP level 12. HP: 113/113 MP: 11/11
 14981 | Lair:4   | Reached skill level 20 in Axes
 15407 | Lair:4   | Noticed a death yak
 15407 | Lair:4   | Noticed a death yak
 15408 | Lair:4   | Noticed a death yak
 15410 | Lair:4   | Noticed a death yak
 15410 | Lair:4   | Noticed a death yak
 15423 | Lair:4   | Killed a death yak
 15425 | Lair:4   | Killed a death yak
 15426 | Lair:4   | Reached skill level 21 in Axes
 15428 | Lair:4   | Killed a death yak
 15429 | Lair:4   | Killed a death yak
 15430 | Lair:4   | Killed a death yak
 15977 | Lair:5   | Entered Level 5 of the Lair of Beasts
 16057 | Lair:5   | Noticed a boulder beetle
 16071 | Lair:5   | Killed a boulder beetle
 16178 | Lair:5   | Reached skill level 22 in Axes
 16180 | Lair:5   | Reached XP level 13. HP: 118/124 MP: 12/12
 16230 | Lair:5   | Found a staircase to the Slime Pits.
 16254 | Lair:5   | HP: 3/124 [rime drake/flash freeze (10)]
 16254 | Lair:5   | Slain by an 11-headed hydra

Illustrated notes

Levels and vault maps discovered:
D:1:      evilmike_arrival_crescent, layout_rooms,
          shapermc_ecumenical_altar_mp_highgroup
D:2:      layout_basic, basic_altar, minmay_misc_feat_diagonals,
          chequers_big_river, uniq_robin, uniq_sigmund
D:3:      layout_basic, mainiacjoe_overflow_chevrons,
          yredelemnul_forgotten_temple_becter, moated_statue, chequers_garden,
          uniq_grinder
D:4:      cheibrodos_pilgrimage, layout_cave_pools, chequers_arboretum,
          corexii_corridor_pit, minmay_fire_ice_demons
D:5:      layout_basic, fedhas_altar_decomposition
D:6:      minmay_cornered_nines, layout_basic, minmay_crystal_room,
          minmay_misc_feat_secret_circle, nicolae_shop_sticking_my_neck_out
D:7:      layout_basic, lemuel_round_altar, minmay_temple_entry_poolview,
          gammafunk_ghost_grave
D:8:      cheibrodos_shockbox, layout_cave_pods,
          nicolae_overflow_hallway_of_the_gods, dpeg_oklobed_lair
Temple:   hellmonk_temple_divided_pantheon
Lair:1:   layout_cave_pods, chequers_serial_rivers_small_a, grunt_megastairs_4,
          infiniplex_staircase_pool
Lair:2:   layout_roguey [special_room_bee], spider_nest_entry_funnel_web,
          minivault_25, infiniplex_staircase_pool_2
Lair:3:   layout_small_grid, skrybe_swamp_entry_bodies,
          ebering_ghost_rock_garden
Lair:4:   layout_concentric_octagons, lemuel_fruit_tree
Lair:5:   minmay_lair_end_enchanted_forest, layout_misc_corridors,
          slime_entry_1, special_room [special_room_mythical_zoo]

Skill      XL: |  1  2  3  4  5  6  7  8  9 10 11 12 |
---------------+-------------------------------------+-----
Fighting       | 4 5 6 7 8 10 11 12 14 | 14.3
Axes           | 4 6 7 9 11 13 16 19 22 | 22.2
Armour         | 4 6 8 10 12 | 12.3
Dodging        | |  2.6

Action                   |  1- 3 |  4- 6 |  7- 9 | 10-12 | 13-15 || total
-------------------------+-------+-------+-------+-------+-------++-------
Melee: Hand axe          |    78 |    63 |   164 |       |       ||   305
       Headbutt          |     8 |     8 |    45 |    75 |     8 ||   144
       Unarmed           |       |     8 |       |       |       ||     8
       War axe           |       |       |    47 |       |       ||    47
       Battleaxe         |       |       |   129 |   339 |    33 ||   501
       Punch             |       |       |     1 |       |       ||     1
Invok: Berserk           |     1 |     3 |     6 |     5 |     1 ||    16
Evoke: Wand              |       |       |       |     3 |       ||     3
  Use: Potion            |     3 |       |       |     3 |       ||     6
       Scroll            |       |       |    15 |     8 |     1 ||    24
Armor: Animal skin       |     5 |       |       |       |       ||     5
       Chain mail        |    16 |    29 |   137 |   177 |    41 ||   400
Dodge: Dodged            |    47 |    22 |   143 |   146 |    32 ||   390
Block: Other             |       |       |    14 |    73 |    14 ||   101
       Reflection        |       |       |     4 |     1 |     1 ||     6
